 Dungeon Crawl Stone Soup version 0.31-a0-986-g5e6e4ef867 (webtiles) character file.

Game seed: 1652201654254917747

16012 jasper the Mimic (level 12, -5/119 HPs)
             Began as a Troll Shapeshifter on Nov 22, 2023.
             Was a High Priest of Okawaru.
             Slain by a swamp worm (16 damage)
             ... on level 2 of the Lair of Beasts.
             The game lasted 00:14:06 (9098 turns).

jasper the Mimic (Troll Shapeshifter)               Turns: 9098, Time: 00:14:07

Health: -5/119     AC: 15    Str: 29    XL:     12   Next: 6%
Magic:  12/14      EV: 12    Int:  6    God:    Okawaru [*****.]
Gold:   1956       SH:  0    Dex: 13    Spells: 11/11 levels left

rFire   . .          .
                       - Unarmed
rCold   . . .        s - melded +0 kite shield
rNeg    + . .        Q - +0 acid dragon scales
rPois   +            E - +4 hat "Ymaul" {rN+ Str+4}
rElec   .            j - +1 cloak
rCorr   +            (gloves unavailable)
SInv    .            (boots unavailable)
Will    .....        (no amulet)
Stlth   +            h - ring of poison resistance
HPRegen 1.19/turn    G - ring of resist corrosion
MPRegen 0.14/turn

%: no passive effects
@: flux-form, heroic, glowing
A: glow, contaminating, large, unfitting armour, claws 3, regeneration 1, shaggy
fur 1, tough skin 1
a: Begin Untransformation, Renounce Religion, Heroism, Finesse, Duel


You were on level 2 of the Lair of Beasts.
You worshipped Okawaru.
Okawaru was extremely pleased with you.
You were something dangerously unstable.
You visited 3 branches of the dungeon, and saw 16 of its levels.
You also visited: Ossuary.

You collected 2556 gold pieces.
You spent 600 gold pieces at shops.

Inventory:

Missiles
 i - 92 stones
 k - 10 poisoned darts
 q - 3 javelins
 t - 5 boomerangs (quivered)
 I - 12 large rocks
Armour
 a - a +0 animal skin
 j - a +1 cloak (worn)
 s - a +0 kite shield (melded)
 z - a +2 robe of willpower
 E - the +4 hat "Ymaul" (worn) {rN+ Str+4}
   (You acquired it on level 8 of the Dungeon)

   Str+4:     It affects your strength (+4).
   rN+:       It protects you from negative energy.
 H - a scarf of shadows
 L - +0 steam dragon scales
 N - the +1 kite shield of the Invisible Hand {rF+ Will+ Str+4}
   (You acquired it on level 2 of the Lair of Beasts)

   Str+4:     It affects your strength (+4).
   rF+:       It protects you from fire.
   Will+:     It increases your willpower.
 Q - +0 acid dragon scales (worn)
Jewellery
 h - a ring of poison resistance (left claw)
 D - a ring of resist corrosion
 G - a ring of resist corrosion (right claw)
Talismans
 c - a beast talisman
 d - a flux talisman (active)
 g - a serpent talisman
Wands
 p - a wand of iceblast (15)
 y - a wand of mindburst (13)
 F - a wand of charming (12)
Scrolls
 m - a scroll of silence
 n - a scroll of revelation
 u - 3 scrolls of fog
 A - a scroll of enchant weapon
 B - 4 scrolls of enchant armour
 C - 2 scrolls of immolation
 J - 8 scrolls of noise
 K - 3 scrolls of teleportation
 M - a scroll of vulnerability
 R - a scroll of fear
Potions
 b - 6 potions of haste
 e - 4 potions of curing
 f - 2 potions of mutation
 l - a potion of enlightenment
 o - 5 potions of heal wounds
 r - a potion of brilliance
 v - a potion of ambrosia
 w - 3 potions of attraction
 x - 2 potions of lignification
 O - a potion of cancellation
 P - a potion of magic {unknown}


   Skills:
 + Level 7.8(12.8) Fighting
 - Level 3.0(8.0) Throwing
 - Level 1.5(6.5) Dodging
 + Level 11.3(16.3) Unarmed Combat
 + Level 4.3 Invocations
 * Level 11.9 Shapeshifting


You had 11 spell levels left.
You didn't know any spells.
Your spell library contained the following spells:

 Spells                   Type           Power      Damage    Failure   Level
 Apportation              Tloc           0%         N/A       52%         1
 Shock                    Conj/Air       0%         1d3       52%         1
 Sting                    Tmut/Pois      0%         1d3       52%         1
 Jinxbite                 Hex            0%         N/A       65%         2
 Lesser Beckoning         Tloc           0%         N/A       65%         2
 Poisonous Vapours        Pois/Air       0%         N/A       65%         2
 Gell's Gravitas          Tloc           0%         N/A       87%         3
 Swiftness                Air            0%         N/A       87%         3
 Teleport Other           Tloc           0%         N/A       87%         3
 Airstrike                Air            0%         2d(0-16)  99%         4
 Olgreb's Toxic Radiance  Pois           0%         N/A       99%         4
 Alistair's Intoxication  Tmut/Pois      0%         N/A       100%        5
 Lee's Rapid Deconstruct  Erth           0%         3d4*      100%        5
 Animate Armour           Summ/Erth      Unusable   N/A       N/A         4
 Summon Lightning Spire   Summ/Air       Unusable   N/A       N/A         4

Dungeon Overview and Level Annotations

Branches:
Dungeon (12/15)            Temple (1/1) D:5            Lair (3/5) D:9
Ossuary (visited)
  Swamp: Lair:2-3    Shoals: Lair:2-3     Snake: Lair:2-3    Spider: Lair:2-3
    Orc: D:9-12

Altars:
Ashenzari
Cheibriados
Elyvilon
Fedhas
Gozag
Hepliaklqana
Makhleb
Nemelex Xobeh
Okawaru
Qazlal
Ru
Sif Muna
Trog
Uskayaw
Vehumet
Wu Jian
Xom
Yredelemnul
Zin
The Shining One

Shops:
D:1 =   D:2 =   D:7 [

Annotations:
D:3 2 transporters


Innate Abilities, Weirdness & Mutations

You are something dangerously unstable.
You glow with magical radiation, making you easy to see and hit.
Foes you strike become dangerously contaminated with magical radiation.
You are incapable of wielding weapons or throwing items.
You are too large for most types of armour.
You have claws for hands.
Your natural rate of healing is unusually fast.
You are covered in fur. (AC +1)
You have tough skin. (AC +1)


Message History

Okawaru accepts your kill.
A tyrant leech comes into view.
The swamp worm bites you!
You take 16 damage, and have 46/119 hp.
You closely miss the water moccasin. The swamp worm bites you!
* * * LOW HITPOINT WARNING * * *
The water moccasin bites you but does no damage.
You take 12 damage, and have 34/119 hp.
You miss the water moccasin. The swamp worm bites you!
* * * LOW HITPOINT WARNING * * *
The water moccasin bites you but does no damage.
You take 7 damage, and have 27/119 hp.
Okay, then.
As you read the scroll of fear, it crumbles to dust.
You assume a fearsome visage.
The swamp worm looks frightened! x2
The tyrant leech looks frightened! x2; The swamp worm looks frightened!
The water moccasin looks frightened!
You see here a cane toad corpse.
Cornered, the swamp worm turns to fight!
There is a stone staircase leading up here.
The swamp worm fires a harpoon shot at you.
The harpoon shot hits you!
* * * LOW HITPOINT WARNING * * *
You stop ascending the stairs.
You are yanked forward by the harpoon shot.
You take 13 damage, and have 18/119 hp.
A swamp worm comes into view.
There is a stone staircase leading up, spattered with blood here.
The swamp worm bites you.
* * * LOW HITPOINT WARNING * * *
The swamp worm bites you!
* * * LOW HITPOINT WARNING * * *
You climb upwards.
There is a stone staircase leading down here.
You take 10 damage, and have 9/119 hp.
You gain the combat prowess of a mighty hero.
The swamp worm bites you but does no damage.
You now have 12/14 mp.
You closely miss the swamp worm. The swamp worm bites you!
You die...

##P......#.........
...................
..................
...........#...#
#..............#
####........#..###
####P....#....###
#............#
##.....pw....#
#P...........#
................P
.........#.####...
.........### .#
#.#.#####. . #### #


You could see a swamp worm.

Vanquished Creatures
  2 two-headed ogres
  A skyshark (Lair:1)
  Pikel (D:4)
  An ugly thing (D:9)
  2 manticores (D:11)
  2 cyclopes
  A black mamba (Lair:2)
  2 cane toads
  2 komodo dragons
  A tengu conjurer (D:9)
  Grinder (D:5)
  A spriggan (shapeshifter) (D:9)
  6 wyverns
  A vampire (D:11)
  20 yaks
  A steam dragon (D:8)
  Edmund (D:4)
  9 water moccasins
  3 acid dragons
  5 orc warriors
  An ice beast (D:7)
  3 wolves (Lair:2)
  9 centaurs
  4 phantoms
  A kobold brigand (D:8)
  4 bullfrogs
  2 gnoll sergeants
  2 scorpions
  7 wights
  10 killer bees
  9 howler monkeys
  2 centaur zombies (Ossuary)
  2 jellies (D:6)
  Crazy Yiuf (D:5)
  4 hounds
  4 orc priests
  A human zombie (Ossuary)
  2 sleepcaps
  Natasha (D:4)
  7 orc wizards
  4 mummies (Ossuary)
  8 gnolls
  7 adders
  A shadow imp (D:8)
  A white imp (D:7)
  2 ufetubi (D:7)
  2 worms (D:2)
  5 dart slugs
  36 orcs
  4 endoplasms
  4 giant cockroaches
  10 goblins
  7 hobgoblins
  6 jackals (D:1)
  7 kobolds
  A quokka (D:1)
  8 ball pythons
  6 bats
  A frilled lizard (D:1)
  2 goblin zombies
  2 kobold zombies (Ossuary)
  2 orc zombies (Ossuary)
  5 rats
  A rat zombie (D:7)
271 creatures vanquished.

Vanquished Creatures (others)
  An orc wizard (D:8)
1 creature vanquished.

Grand Total: 272 creatures vanquished

Notes
Turn   | Place    | Note
-------+----------+-------------------------------------------
     0 | D:1      | jasper the Troll Shapeshifter began the quest for the Orb.
     0 | D:1      | Reached XP level 1. HP: 18/18 MP: 0/0
    40 | D:1      | Reached skill level 1 in Fighting
    46 | D:1      | Reached XP level 2. HP: 27/27 MP: 1/1
    72 | D:1      | Found Lidagon's Jewellery Shoppe.
   298 | D:1      | Reached XP level 3. HP: 33/33 MP: 2/2
   756 | D:1      | Identified a scroll of acquirement
   756 | D:1      | Acquired 819 gold pieces
   786 | D:1      | Bought a serpent talisman for 360 gold pieces
   786 | D:1      | Bought a ring of poison resistance for 240 gold pieces
   870 | D:2      | Reached XP level 4. HP: 38/42 MP: 3/3
   900 | D:2      | Found Xocuzxer's Jewellery Shoppe.
  1594 | D:3      | Found a transporter.
  1660 | D:3      | Found a transporter.
  1908 | D:3      | Found a glowing silver altar of Zin.
  2125 | D:4      | Noticed a scorpion
  2126 | D:4      | Noticed Edmund
  2134 | D:4      | Killed a scorpion
  2135 | D:4      | Reached XP level 5. HP: 49/49 MP: 4/4
  2138 | D:4      | Killed Edmund
  2139 | D:4      | Reached skill level 5 in Unarmed Combat
  2139 | D:4      | Reached XP level 6. HP: 59/59 MP: 5/5
  2202 | D:4      | Found a shimmering altar of Xom.
  2363 | D:4      | Noticed Natasha
  2368 | D:4      | Killed Natasha
  2570 | D:4      | Noticed Pikel
  2585 | D:4      | Killed Pikel
  2586 | D:4      | Reached skill level 5 in Shapeshifting
  2586 | D:4      | Reached XP level 7. HP: 41/67 MP: 6/6
  2902 | D:5      | Entered Level 5 of the Dungeon
  2932 | D:5      | Reached XP level 8. HP: 75/78 MP: 7/7
  2955 | D:5      | Noticed Grinder
  2963 | D:5      | Killed Grinder
  3308 | D:5      | Found a staircase to the Ecumenical Temple.
  3327 | Temple   | Entered the Ecumenical Temple
  3341 | Temple   | Became a worshipper of Ru the Awakened
  3434 | D:5      | Found a runed translucent door.
  3435 | D:5      | Noticed Crazy Yiuf
  3613 | D:5      | Found a sparkling altar of Nemelex Xobeh.
  3785 | D:5      | Killed Crazy Yiuf
  3895 | D:6      | Found an opulent altar of Gozag.
  3899 | D:6      | Found a white marble altar of Elyvilon.
  3960 | D:6      | Found a burning altar of Makhleb.
  3961 | D:6      | Found a basalt altar of Yredelemnul.
  3962 | D:6      | Found a stormy altar of Qazlal.
  4203 | D:6      | You fall into a shaft and drop 2 floors!
  4227 | D:8      | Acquired the +4 hat "Ymaul" {rN+ Str+4}
  4422 | D:8      | Found an iron altar of Okawaru.
  4430 | D:8      | Fell from the grace of Ru
  4430 | D:8      | Became a worshipper of Warmaster Okawaru
  4448 | D:8      | Reached XP level 9. HP: 50/85 MP: 8/8
  4502 | D:8      | Noticed a cyclops
  4524 | D:8      | Reached * piety under Okawaru
  4538 | D:8      | Killed a cyclops
  4539 | D:8      | Reached skill level 5 in Fighting
  4731 | D:7      | Reached ** piety under Okawaru
  4810 | D:7      | Found a sand-covered staircase.
  4820 | Ossuary  | Entered an ossuary
  5528 | D:7      | Found Beowulf's Dragon-Slaying Spoils.
  6155 | D:8      | Reached XP level 10. HP: 77/98 MP: 9/9
  6194 | D:8      | Found a snail-covered altar of Cheibriados.
  6397 | D:8      | Reached *** piety under Okawaru
  6645 | D:9      | Found a staircase to the Lair.
  6662 | D:9      | Noticed a cyclops
  6707 | D:9      | Killed a cyclops
  6708 | D:9      | Reached skill level 10 in Unarmed Combat
  6756 | D:9      | Reached **** piety under Okawaru
  6757 | D:9      | Reached skill level 10 in Shapeshifting
  6998 | D:9      | Noticed a two-headed ogre
  7009 | D:9      | Killed a two-headed ogre
  7010 | D:9      | Reached skill level 1 in Invocations
  7028 | D:9      | Noticed a purple ugly thing
  7030 | D:9      | Reached ***** piety under Okawaru
  7040 | D:9      | Killed a white ugly thing
  7041 | D:9      | Reached XP level 11. HP: 53/107 MP: 11/11
  7062 | D:9      | Noticed a skeletal warrior
  7252 | D:10     | Entered Level 10 of the Dungeon
  7468 | D:10     | Noticed a two-headed ogre
  7473 | D:10     | Killed a two-headed ogre
  7474 | D:10     | Reached skill level 1 in Throwing
  7580 | D:10     | Found a broken altar of Ashenzari.
  8169 | D:11     | Received a gift from Okawaru
  8708 | Lair:1   | Entered Level 1 of the Lair of Beasts
  8924 | Lair:1   | Noticed a skyshark
  8933 | Lair:1   | Killed a skyshark
  8933 | Lair:1   | Received a gift from Okawaru
  8952 | Lair:1   | You fall into a shaft and drop 1 floor!
  9014 | Lair:2   | Noticed a pharaoh ant
  9021 | Lair:2   | Noticed a seven-headed hydra
  9028 | Lair:2   | Noticed a five-headed hydra
  9046 | Lair:2   | Reached XP level 12. HP: 105/119 MP: 8/14
  9063 | Lair:2   | Acquired 1183 gold pieces
  9065 | Lair:2   | Acquired the +1 kite shield of the Invisible Hand {rF+
                  | Will+ Str+4}
  9098 | Lair:2   | Slain by a swamp worm

Illustrated notes

Levels and vault maps discovered:
D:1:      tekkud_arrival_beachfront_property, layout_basic, serial_shops, shop
D:2:      layout_basic, serial_shops, nicolae_shop_gaudy_bauble
D:3:      gammafunk_steamed_eel, layout_rooms, zin_academy
D:4:      layout_rooms, mainiacjoe_overflow_24_doors, serial_curves,
          eino_curves_03, eino_curves_01, eino_curves_02, minivault_14,
          corexii_item_surrounded_by_moat, fountainhead, uniq_pikel,
          uniq_natasha, uniq_edmund
D:5:      layout_loops_ring, nemelex_spade_bored_becter,
          minmay_temple_entry_drinking_statues, serial_aquarium,
          aquarium_bridge_long_separate [aquarium_subvault_wall,
          aquarium_subvault_balcony, aquarium_subvault_bridge,
          aquarium_subvault_bridge, aquarium_subvault_bridge,
          aquarium_subvault_wall], aquarium_window_corridor_1,
          aquarium_window_fake, aquarium_window_corner, aquarium_view_2e,
          aquarium_view_2d, aquarium_balcony_1b, uniq_grinder,
          uniq_crazy_yiuf_cottage
D:6:      layout_rooms, minitemple
D:7:      layout_loops_ring, enter_ossuary_4, serial_co_window_serial,
          co_window_paths_a, co_window_of_opportunity_a, co_window_corner_a,
          co_window_corner_a, co_window_paths_a, co_window_unsneaky_path_e,
          co_window_2corner, co_window_paths_c, co_window_paths_d,
          co_window_4corner_a, glass_columns_b, glass_columns_c,
          glass_columns_a, glass_columns_a, glass_columns_c,
          nicolae_shop_dragon_depot
D:8:      layout_loops_ring, kennysheep_okawaru_gauntlet, old_standard_altar,
          grunt_ministairs_12
D:9:      minmay_chambers_of_sevens, layout_loops_ring,
          lemuel_zombie_altar_kikubaaqudgha, lemuel_doored_altar,
          lair_entry_dummy
D:10:     layout_gridville, old_standard_altar, item_on_display_a
D:11:     layout_rooms
D:12:     layout_stronghold, david_orc_4
Temple:   nicolae_temple_figure_zero
Lair:1:   layout_chaotic_city
Lair:2:   layout_gridlike, nicolae_spider_entry_lesser_pyramids,
          cheibrodos_lair_lostbears
Lair:3:   layout_chaotic_city, minmay_swamp_entry_worms,
          nicolae_lair_grazing_beasts [nicolae_sub_lair_graze_edge,
          nicolae_sub_lair_graze_edge, nicolae_sub_lair_graze_edge,
          nicolae_sub_lair_graze_edge], grunt_megastairs_4

Skill      XL: |  1  2  3  4  5  6  7  8  9 10 11 |
---------------+----------------------------------+-----
Fighting       | 1 2 3 4 5 6 7 |  7.8
Unarmed Combat | 4 5 7 8 9 10 11 | 11.3
Shapeshifting  | 4 5 7 8 10 11 | 11.9
Invocations    | 2 4 |  4.3
Throwing       | 3 |  3.0
Dodging        | |  1.5

Action                     |  1- 3 |  4- 6 |  7- 9 | 10-12 || total
---------------------------+-------+-------+-------+-------++-------
  Melee: Unarmed           |    85 |    97 |   245 |   401 ||   828
         Punch             |     1 |     2 |     3 |       ||     6
  Throw: Stone             |     2 |       |       |       ||     2
         Dart              |       |     9 |       |       ||     9
         Boomerang         |       |    18 |    21 |       ||    39
 Invoke: Heroism           |       |       |       |     4 ||     4
         Finesse           |       |       |       |     1 ||     1
  Evoke: Wand              |       |       |     1 |     2 ||     3
    Use: Scroll            |     4 |     3 |    11 |    10 ||    28
         Potion            |       |     1 |       |     2 ||     3
   Stab: Sleeping          |       |     2 |       |       ||     2
 Armour: Animal skin       |    51 |    42 |       |       ||    93
         Skin              |       |     8 |       |       ||     8
         Robe              |       |       |   185 |       ||   185
         Steam dragon scal |       |       |       |   203 ||   203
         Acid dragon scale |       |       |       |   248 ||   248
  Dodge: Dodged            |    35 |    28 |   111 |   231 ||   405
  Block: Kite shield       |       |       |    11 |       ||    11
   Form: Flux              |       |       |     1 |     1 ||     2
         Anaconda          |       |       |       |     1 ||     1

Table legend: (Time is in decaauts)
 A = Elapsed time spent in this place.
 B = Non-inter-level travel time spent in this place.
 C = Inter-level travel time spent in this place.
 D = Time resting spent in this place.
 E = Time spent auto-exploring this place.
 F = Levels seen in this place.
 G = Mean time per level.
                   A        B        C        D        E       F      G
               +--------+--------+--------+--------+--------+-----+--------+
         Total |   8970 |   8480 |    490 |    146 |   6443 |  17 |  527.6 |
       Dungeon |   8349 |   7883 |    466 |    106 |   6171 |  12 |  695.8 |
        Temple |     26 |      2 |     24 |      0 |      0 |   1 |   26.0 |
          Lair |    354 |    354 |      0 |     39 |    156 |   3 |  118.0 |
       Ossuary |    239 |    239 |      0 |      0 |    116 |   1 |  239.0 |
               +--------+--------+--------+--------+--------+-----+--------+

Top non-repeatable levels by time:
     D:7: 1081 daAuts
     D:5: 880 daAuts
    D:10: 847 daAuts
     D:4: 842 daAuts
     D:8: 830 daAuts
     D:1: 794 daAuts
     D:2: 757 daAuts
     D:9: 705 daAuts
    D:11: 562 daAuts
     D:6: 547 daAuts
     D:3: 498 daAuts
 Ossuary: 239 daAuts
  Lair:1: 233 daAuts
  Lair:2: 106 daAuts
  Temple: 26 daAuts
